 Dungeon Crawl Stone Soup version 0.27-a0-1217-g8a41f320e8 (webtiles) character file.

Game seed: 14359945491392615059

76 jasper the Ruffian (level 4, 0/26 HPs)
             Began as a Gargoyle Transmuter on June 5, 2021.
             Killed from afar by an orc wizard (1 damage)
             ... with a magic dart
             ... on level 3 of the Dungeon.
             The game lasted 00:03:32 (2036 turns).

jasper the Ruffian (Gargoyle Transmuter)            Turns: 2036, Time: 00:03:33

Health: 0/26       AC:  8    Str: 17    XL:     4   Next: 32%
Magic:  7/7        EV: 11    Int: 14    God:
Gold:   85         SH:  0    Dex:  7    Spells: 1/7 levels left

rFire    . . .     SeeInvis +     - Unarmed
rCold    . . .     Faith    .   (no shield)
rNeg     + . .     Spirit   .   a - +0 robe
rPois    ∞         Reflect  .   (helmet currently unavailable)
rElec    +         Harm     .   (no cloak)
rCorr    +         Rampage  .   c - +2 pair of gloves {Str+3}
Will     .....                  (boots currently unavailable)
Stlth    +.........             (no amulet)
HPRegen  0.08/turn              j - ring "Kotoziwk" {Wiz rPois rCorr Dex-3 SInv}
MPRegen  0.10/turn              (no ring)

@: appendages (expiring)
A: horns 2, talons 2, sickness immunity, AC +3, negative energy resistance 1,
electricity resistance, torment resistance 1, petrification resistance
a: End Transformation


You were on level 3 of the Dungeon.
You had temporarily grown beastly horns and talons.
You visited 1 branch of the dungeon, and saw 3 of its levels.

You collected 85 gold pieces.

Inventory:

Missiles
 b - 28 sling bullets
 f - 58 stones
 m - 2 throwing nets
Armour
 a - a +0 robe (worn)
 c - a +2 pair of gloves of strength (worn)
 d - a +0 ring mail
 i - a +0 pair of boots (melded)
Jewellery
 j - the ring "Kotoziwk" (left hand) {Wiz rPois rCorr Dex-3 SInv}
   (You acquired it on level 3 of the Dungeon)

   [ring of wizardry]

   It improves your spell success rate.
   It affects your dexterity (-3).
   It protects you from poison.
   It lets you see invisible.
   It protects you from acid and corrosion.
Scrolls
 e - a scroll of amnesia {unknown}
 g - a scroll of silence
 n - a scroll of identify {unknown}
Potions
 h - a potion of flight {unknown}
 k - a potion of curing {unknown}
 l - a potion of haste {unknown}
 o - 2 potions of lignification {unknown}


   Skills:
 + Level 2.1 Fighting
 + Level 2.1 Dodging
 * Level 3.9 Unarmed Combat
 - Level 2.0 Spellcasting
 + Level 2.1 Transmutations


You had one spell level left.
You knew the following spells:

 Your Spells              Type           Power      Damage    Failure   Level
a - Beastly Appendage     Tmut           14%        N/A       4%          1
b - Wereblood             Tmut           7%         N/A       6%          2
c - Spider Form           Tmut/Pois      2%         N/A       19%         3

Your spell library contained the following spells:

 Spells                   Type           Power      Damage    Failure   Level
 Ice Form                 Ice/Tmut       4%         N/A       50%         4
 Hydra Form               Tmut           3%         N/A       69%         5


Dungeon Overview and Level Annotations

Branches:
Dungeon (3/15)

Altars:

Shops:
D:1 *


Innate Abilities, Weirdness & Mutations

You have temporarily grown beastly horns and talons.
You are immune to sickness and miasma.
Your stone body is resilient. (AC +3)
You are immune to poison.
You resist negative energy. (rN+)
You are resistant to electric shocks. (rElec)
You are resistant to unholy torment.
You are immune to petrification.


Message History

You barely miss the orc. Your kick misses the orc. You headbutt the orc.
You kill the orc!
MP restored: 7 You hit the orc.
You headbutt the orc, but do no damage.
The orc is moderately wounded.
The orc hits you with a +0 club.
You take 2 damage, and have 20/26 hp.
You punch the orc!
You kill the orc!
Your transformation is almost over.
The orc wizard barely misses you. The orc barely misses you.
Items here: ( )) [ ††.
You closely miss the orc wizard. The orc wizard closely misses you.
The orc hits you with a +0 hand axe.
You take 6 damage, and have 14/26 hp.
MASSIVE DAMAGE!!
You closely miss the orc wizard.
The orc wizard hits you with a +0 dagger.
The orc hits you with a +0 hand axe.
You take 3 damage, and have 11/26 hp.
You hit the orc wizard.
The orc wizard is moderately wounded.
The orc wizard hits you but does no damage.
The orc misses you.
You closely miss the orc wizard. Your kick misses the orc wizard.
The orc wizard is moderately wounded.
The orc wizard casts a spell at you. The puff of flame hits you!
* * * LOW HITPOINT WARNING * * *
The orc hits you but does no damage.
You take 10 damage, and have 1/26 hp.
MASSIVE DAMAGE!!
You hit the orc wizard.
The orc wizard is moderately wounded.
The orc wizard hits you but does no damage.
You hit the orc wizard.
You claw the orc wizard, but do no damage.
The orc wizard is heavily wounded.
The orc hits you but does no damage. The orc wizard casts a spell at you.
The magic dart hits you.
You die...

# #.## #..o#########
#o@.......#
####......# #......#
#######
#......###...... ###
#.......##..... ......
#............. ...<..
#......###...#
....$... #......#
#...#
........#######......#
#...#


You could see an orc wizard (invisible) and an orc.

Vanquished Creatures
  3 adders
  A worm (D:2)
  6 orcs (D:3)
  5 ball pythons
  2 endoplasms (D:1)
  A giant cockroach (D:1)
  5 hobgoblins
  3 kobolds
  A quokka (D:2)
  3 bats (D:2)
  A frilled lizard (D:1)
  4 goblins
  2 rats
37 creatures vanquished.

Notes
Turn   | Place    | Note
-------+----------+-------------------------------------------
     0 | D:1      | jasper the Gargoyle Transmuter began the quest for the Orb.
     0 | D:1      | Reached XP level 1. HP: 12/12 MP: 3/3
   240 | D:1      | Reached XP level 2. HP: 15/16 MP: 3/5
   248 | D:1      | Learned a level 2 spell: Wereblood
   448 | D:1      | Found Xuedyorph's Assorted Antiques.
  1129 | D:2      | Reached XP level 3. HP: 18/20 MP: 4/6
  1336 | D:2      | Learned a level 3 spell: Spider Form
  1546 | D:2      | Identified a scroll of acquirement
  1546 | D:2      | Acquired a +2 pair of gloves of strength
  1579 | D:3      | Reached XP level 4. HP: 21/26 MP: 7/7
  1767 | D:3      | Acquired the ring "Kotoziwk" {Wiz rPois rCorr Dex-3 SInv}
  2034 | D:3      | HP: 1/26 [orc wizard/puff of flame (10)]
  2036 | D:3      | Killed from afar by an orc wizard

Illustrated notes

Levels and vault maps discovered:
D:1:      minmay_arrival_radiant_lines, layout_basic, serial_shops, shop,
          feat_on_display
D:2:      layout_rooms, minmay_large_rounded_square
D:3:      layout_rooms, general_overflow_altar,
          hellmonk_ecumenical_altar_run_dry, grunt_ministairs_11

Skill      XL: |  1  2  3 |
---------------+----------+-----
Transmutations | 2 |  2.1
Dodging        | 2 |  2.1
Fighting       | 2 |  2.1
Unarmed Combat | |  3.9
Spellcasting   | |  2.0

Action                   |  1- 3 |  4- 6 || total
-------------------------+-------+-------++-------
Melee: Unarmed           |    99 |    38 ||   137
       Kick              |    17 |     5 ||    22
       Headbutt          |     8 |     2 ||    10
       Punch             |     1 |     1 ||     2
Throw: Stone             |     3 |       ||     3
 Cast: Beastly Appendage |    19 |     3 ||    22
       Wereblood         |       |     1 ||     1
  Use: Scroll            |     5 |     1 ||     6
Armor: Robe              |    11 |     8 ||    19
       Ring mail         |    41 |     3 ||    44
Dodge: Dodged            |    56 |    13 ||    69

Table legend: (Time is in decaauts)
 A = Elapsed time spent in this place.
 B = Non-inter-level travel time spent in this place.
 C = Inter-level travel time spent in this place.
 D = Time resting spent in this place.
 E = Time spent auto-exploring this place.
 F = Levels seen in this place.
 G = Mean time per level.
                   A        B        C        D        E       F      G
               +--------+--------+--------+--------+--------+-----+--------+
         Total |   2027 |   1995 |     32 |    207 |   1432 |   3 |  675.7 |
       Dungeon |   2027 |   1995 |     32 |    207 |   1432 |   3 |  675.7 |
               +--------+--------+--------+--------+--------+-----+--------+

Top non-repeatable levels by time:
     D:1: 859 daAuts
     D:2: 694 daAuts
     D:3: 474 daAuts
